 Dungeon Crawl Stone Soup version 0.25.0-65-g31bcc41 (webtiles) character file.

3143 Dorkslayer the Covered (level 9, 0/56 HPs)
             Began as a Gargoyle Fighter on Nov 7, 2020.
             Was an Elder of Okawaru.
             Slain by an orc warrior
             ... wielding a +0 glaive of freezing
              (2 damage)
             ... on level 2 of the Dungeon on Nov 8, 2020.
             The game lasted 00:06:30 (1551 turns).

Dorkslayer the Covered (Gargoyle Fighter)           Turns: 1551, Time: 00:06:30

Health: 0/56       AC:  9    Str: 23    XL:     9   Next: 93%
Magic:  15/21      EV:  9    Int:  9    God:    Okawaru [****..]
Gold:   286        SH: 10    Dex:  9    Spells: 8/8 levels left

rFire    . . .     SeeInvis .   a - +1 flail
rCold    . . .     Gourm    .   c - +0 shield
rNeg     + . .     Faith    .   r - +0 chain mail
rPois    ∞         Spirit   .   l - +0 hat
rElec    +         Reflect  .   (no cloak)
rCorr    .         Harm     +   (no gloves)
MR       .....                  (no boots)
Stlth    ..........             b - amulet of harm
HPRegen  0.18/turn              k - ring of magical power
MPRegen  0.17/turn              u - +2 ring of evasion

@: corroded
A: negative energy resistance 1, electricity resistance, unbreathing,
petrification resistance, rot immunity, AC +6
a: Heroism, Renounce Religion


You were on level 2 of the Dungeon.
You worshipped Okawaru.
Okawaru was greatly pleased with you.
You were not hungry.

You visited 2 branches of the dungeon, and saw 3 of its levels.

You collected 286 gold pieces.

Inventory:

Hand Weapons
 a - a +1 flail (weapon)
Missiles
 e - 2 tomahawks
 q - 3 poisoned javelins (quivered)
Armour
 c - a +0 shield (worn)
 l - a +0 hat (worn)
 r - a +0 chain mail (worn)
Jewellery
 b - an amulet of harm (around neck)
 k - a ring of magical power (left hand)
 u - a +2 ring of evasion (right hand)
Scrolls
 g - a scroll of fog {unknown}
 h - a scroll of fear {unknown}
 j - 2 scrolls of random uselessness {unknown}
 m - 3 scrolls of remove curse
 p - 2 scrolls of magic mapping
 x - 3 scrolls of teleportation
 y - a scroll of vulnerability {unknown}
 z - a scroll of enchant armour {unknown}
 A - 2 scrolls of identify
 B - a scroll of silence {unknown}
Potions
 d - a potion of might
 i - 2 potions of lignification
 n - 2 potions of berserk rage
 o - 2 potions of curing
 s - a potion of mutation
 t - a potion of flight {unknown}
 v - a potion of ambrosia {unknown}
 w - a potion of haste {unknown}
Miscellaneous
 C - a lightning rod (4/4)
 D - a phantom mirror
Comestibles
 f - 5 rations


   Skills:
 + Level 6.5 Fighting
 + Level 7.0 Maces & Flails
 + Level 0.2 Throwing
 + Level 7.4 Armour
 + Level 2.6 Dodging
 + Level 1.2 Stealth
 + Level 6.6 Shields
 * Level 5.2 Invocations
 * Level 2.1 Evocations


You had 8 spell levels left.
You didn't know any spells.
Your spell library was empty.

Dungeon Overview and Level Annotations

Branches:
Dungeon (2/3)              Temple (1/1) D:1
  Swamp: D:2-3       Shoals: D:2-3        Snake: D:2-3       Spider: D:2-3
  Slime: D:2-3          Orc: D:2         Vaults: D:2-3

Altars:
Ashenzari
Dithmenos
Elyvilon
Gozag
Kikubaaqudgha
Makhleb
Nemelex Xobeh
Okawaru
Qazlal
Sif Muna
Trog
Wu Jian
Xom
Yredelemnul
Zin
The Shining One

Annotations:
D:1 2 transporters


Innate Abilities, Weirdness & Mutations

You are resistant to torment.
Your stone body is resilient. (AC +6)
You are immune to poison.
You resist negative energy. (rN+)
You are resistant to electric shocks. (rElec)
You can survive without breathing.
You are immune to petrification.
You are immune to rotting.


Message History

Your shield and chain mail prevent you from hitting the jelly.
The jelly is severely wounded.
The jelly hits you.
You are splashed with acid!
The acid burns!
The orc warrior hits you from afar with a +0 glaive of freezing.
The orc warrior freezes you. You block the jelly's attack.
You thump the jelly!
You kill the jelly!
Okawaru accepts your kill.
Your Maces & Flails skill increases to level 7!
You block the orc warrior's attack.
You hit the orc warrior but do no damage.
The orc warrior hits you with a +0 glaive of freezing!
* * * LOW HITPOINT WARNING * * *
The orc warrior freezes you.
* * * LOW HITPOINT WARNING * * *
Your shield and chain mail prevent you from hitting the orc warrior.
The orc warrior hits you with a +0 glaive of freezing.
* * * LOW HITPOINT WARNING * * *
The orc warrior freezes you.
You die...

#..........#.#
#..........#.#
#..........#.#
#..........#.#
#..........#.#
#..........#=#
############.#
#.# #@# #o#
#............#
#........$##.#
#....$.[..#
#.........#
#.........#
#.?.......#
#.$.......#


You could see an orc warrior.

Vanquished Creatures
  A hornet (D:2)
  A shadow (D:2)
  A basilisk (D:2)
  A water moccasin skeleton (D:1)
  A jelly (D:2)
  A worker ant (D:1)
  2 shadow imps
  A giant cockroach (D:1)
  2 jackals (D:1)
  A quokka (D:1)
12 creatures vanquished.

Notes
Turn   | Place    | Note
-------+----------+-------------------------------------------
     0 | D:1      | Dorkslayer the Gargoyle Fighter began the quest for the
                  | Orb.
     0 | D:1      | Reached XP level 1. HP: 14/14 MP: 1/1
    81 | D:1      | Reached XP level 2. HP: 18/19 MP: 2/2
   139 | D:1      | Found a stormy altar of Qazlal.
   158 | D:1      | Reached XP level 3. HP: 17/24 MP: 3/3
   158 | D:1      | Reached XP level 4. HP: 21/29 MP: 4/4
   158 | D:1      | Reached XP level 5. HP: 24/33 MP: 5/5
   318 | D:1      | Reached skill level 5 in Fighting
   318 | D:1      | Reached skill level 5 in Armour
   318 | D:1      | Reached XP level 6. HP: 32/40 MP: 6/6
   361 | D:1      | Found a staircase to the Ecumenical Temple.
   370 | Temple   | Entered the Ecumenical Temple
   395 | Temple   | Became a worshipper of Warmaster Okawaru
   694 | D:1      | Found a transporter.
   694 | D:1      | Noticed a tengu reaver
   695 | D:1      | Noticed a sphinx
   696 | D:1      | Noticed a deep troll earth mage
   696 | D:1      | Noticed a frost giant
   708 | D:1      | Found a transporter.
   867 | D:1      | Reached skill level 5 in Shields
   867 | D:1      | Reached XP level 7. HP: 44/44 MP: 7/7
  1071 | D:2      | Reached skill level 1 in Dodging
  1100 | D:2      | Noticed a shadow
  1119 | D:2      | Killed a shadow
  1119 | D:2      | Reached * piety under Okawaru
  1119 | D:2      | Reached skill level 5 in Maces & Flails
  1119 | D:2      | Reached XP level 8. HP: 7/51 MP: 10/10
  1142 | D:2      | Got a dazzling short sword
  1143 | D:2      | Identified the +5 short sword "Nyrph" {antimagic, rElec
                  | Str-2 Int+2 Dex+4} (You found it on level 2 of the Dungeon)
  1302 | D:2      | Reached ** piety under Okawaru
  1302 | D:2      | Reached XP level 9. HP: 22/55 MP: 12/12
  1494 | D:2      | Noticed a hornet
  1503 | D:2      | Killed a hornet
  1503 | D:2      | Reached *** piety under Okawaru
  1503 | D:2      | Reached skill level 1 in Stealth
  1503 | D:2      | Reached skill level 5 in Invocations
  1548 | D:2      | Reached **** piety under Okawaru
  1551 | D:2      | HP: 2/56 [orc warrior/+0 glaive of freezing (3)]
  1551 | D:2      | Slain by an orc warrior

Skill      XL: |  1  2  3  4  5  6  7  8  9 |
---------------+----------------------------+-----
Fighting       | 4 5 6 |  6.5
Armour         | 4 5 6 7 |  7.4
Shields        | 4 5 6 |  6.6
Maces & Flails | 3 5 6 7 |  7.0
Dodging        | 1 2 |  2.6
Invocations    | 3 4 5 |  5.2
Stealth        | 1 |  1.2
Evocations     | 2 |  2.1
Throwing       | |  0.2

Action                   |  1- 3 |  4- 6 |  7- 9 || total
-------------------------+-------+-------+-------++-------
Melee: Flail             |    21 |    23 |    53 ||    97
Throw: Javelin           |       |       |     2 ||     2
  Use: Scroll            |       |     8 |     1 ||     9
  Eat: Ration            |       |       |     1 ||     1
Armor: Ring mail         |    10 |       |       ||    10
       Scale mail        |       |    10 |       ||    10
       Chain mail        |       |     5 |    13 ||    18
Dodge: Dodged            |     7 |     3 |    16 ||    26
Block: Shield            |    10 |    10 |    15 ||    35
